SAAA
PAWNEE PARKSNREC @ SUNSET DISTRICT FOG
08/10/2028
 
TOP OF THE 1ST
Pawnee ParksNRec batting - Pitching for Sunset District Fog : RHP Dave Stephenson
Pitching: RHP Dave Stephenson
Batting: RHB Iván Rodríguez 0-0: Called Strike
0-1: Ball
1-1: Ground out 6-3 (Groundball, 6)
Batting: LHB Felipe Trujillo 0-0: Called Strike
0-1: Called Strike
0-2: Ball
1-2: Ground out 6-3 (Groundball, 6MS)
Batting: SHB Júlio Camacho 0-0: Ball
1-0: Ground out 4-3 (Groundball, 4)
Top of the 1st over - 0 run(s), 0 hit(s), 0 error(s), 0 left on base; Pawnee 0 - Sunset District 0
BOTTOM OF THE 1ST
Sunset District Fog batting - Pitching for Pawnee ParksNRec : LHP Pedro Pérez
Pitching: LHP Pedro Pérez
Batting: SHB Albert Sánchez 0-0: Swinging Strike
0-1: Fly out, F5 (Line Drive, 5)
Batting: RHB Vicente Rodríguez 0-0: Hit by Pitch
Batting: RHB Alfonso Nazario 0-0: Called Strike
0-1: Ball
1-1: Called Strike
1-2: Ball
2-2: Fly out, F9 (Flyball, 9LS)
Batting: LHB David Holbrook 0-0: Swinging Strike
0-1: Called Strike
0-2: Ball
1-2: Fly out, F7 (Flyball, 7LS)
Bottom of the 1st over - 0 run(s), 0 hit(s), 0 error(s), 1 left on base; Pawnee 0 - Sunset District 0
TOP OF THE 2ND
Pawnee ParksNRec batting - Pitching for Sunset District Fog : RHP Dave Stephenson
Batting: LHB Ernesto Sánchez 0-0: Called Strike
0-1: Ball
1-1: DOUBLE (Groundball, 5L)
Batting: LHB Tom Benjamin 0-0: Fly out, F8 (Flyball, 8LS)
Batting: RHB Daryl Moran 0-0: Called Strike
0-1: Swinging Strike
0-2: Strikes out swinging
Batting: SHB Vicente Pueblo 0-0: Ball
1-0: Foul Ball, location: 2F
1-1: SINGLE (Groundball, 6S) (infield hit)
Ernesto Sánchez to third
Batting: SHB Enrique Costello 0-0: Called Strike
0-1: Swinging Strike
0-2: Ground out 5-3 (Groundball, 56S)
Top of the 2nd over - 0 run(s), 2 hit(s), 0 error(s), 2 left on base; Pawnee 0 - Sunset District 0
BOTTOM OF THE 2ND
Sunset District Fog batting - Pitching for Pawnee ParksNRec : LHP Pedro Pérez
Batting: RHB Armando Rodríguez 0-0: Called Strike
0-1: Ball
1-1: Ball
2-1: Reached on error, E9 (Flyball, 9S)
Batting: LHB Enrique Vásquez 0-0: Ball
1-0: Ball
2-0: Ball
3-0: Foul Ball, location: 2F
3-1: Swinging Strike
3-2: Base on Balls
Armando Rodríguez to second
Batting: RHB Chad Shafer 0-0: Foul Ball, location: 2F
0-1: Foul Ball, location: 2F
0-2: Ball
1-2: Ball
2-2: DOUBLE (Flyball, 8RD)
Armando Rodríguez scores
Enrique Vásquez to third
Runner from 3rd tries for Home, SAFE, no throw
Batting: LHB Armando Carmona 0-0: Swinging Strike
0-1: Fly out, F5 (Popup, 5S)
Batting: SHB Domingo Luna 0-0: Ball
1-0: Ball
2-0: Called Strike
2-1: Ground out U3 (Groundball, 3L)
Chad Shafer to third
Batting: SHB Albert Sánchez 0-0: Called Strike
0-1: Called Strike
0-2: Ball
1-2: Strikes out swinging
Bottom of the 2nd over - 2 run(s), 1 hit(s), 1 error(s), 1 left on base; Pawnee 0 - Sunset District 2
TOP OF THE 3RD
Pawnee ParksNRec batting - Pitching for Sunset District Fog : RHP Dave Stephenson
Batting: RHB Dale Blair 0-0: Foul Ball, location: 2F
0-1: Ball
1-1: Foul Ball, location: 2F
1-2: Ball
2-2: Ball
3-2: Foul Ball, location: 2F
3-2: Base on Balls
Batting: RHB Iván Rodríguez 0-0: Ball
1-0: Foul Ball, location: 2F
1-1: Fly out, F5 (Line Drive, 56S)
Batting: LHB Felipe Trujillo 0-0: Ball
1-0: Ball
2-0: Ball
3-0: Base on Balls
Dale Blair to second
Batting: SHB Júlio Camacho 0-0: Called Strike
0-1: Swinging Strike
0-2: Ball
1-2: Ball
2-2: Ball
3-2: Grounds into double play, 4-6-3 (Groundball, 34)
Top of the 3rd over - 0 run(s), 0 hit(s), 0 error(s), 1 left on base; Pawnee 0 - Sunset District 2
BOTTOM OF THE 3RD
Sunset District Fog batting - Pitching for Pawnee ParksNRec : LHP Pedro Pérez
Batting: RHB Vicente Rodríguez 0-0: Foul Ball, location: 2F
0-1: Swinging Strike
0-2: Ground out 6-3 (Groundball, 6S)
Batting: RHB Alfonso Nazario 0-0: Called Strike
0-1: SOLO HOME RUN (Flyball, 78XD), Distance : 429 ft
Batting: LHB David Holbrook 0-0: Ball
1-0: Called Strike
1-1: Ball
2-1: Ground out 4-3 (Groundball, 4)
Batting: RHB Armando Rodríguez 0-0: Called Strike
0-1: Swinging Strike
0-2: Ground out 1-3 (Groundball, 15)
Bottom of the 3rd over - 1 run(s), 1 hit(s), 0 error(s), 0 left on base; Pawnee 0 - Sunset District 3
TOP OF THE 4TH
Pawnee ParksNRec batting - Pitching for Sunset District Fog : RHP Dave Stephenson
Batting: LHB Ernesto Sánchez 0-0: Called Strike
0-1: Foul Ball, location: 2F
0-2: Ball
1-2: Ball
2-2: Ball
3-2: Base on Balls
Batting: LHB Tom Benjamin 0-0: Called Strike
0-1: Swinging Strike
0-2: Strikes out looking
Batting: RHB Daryl Moran 0-0: Ball
Ernesto Sánchez is caught stealing 2nd base
1-0: Called Strike
1-1: Fly out, F8 (Flyball, 8LS)
Top of the 4th over - 0 run(s), 0 hit(s), 0 error(s), 0 left on base; Pawnee 0 - Sunset District 3
BOTTOM OF THE 4TH
Sunset District Fog batting - Pitching for Pawnee ParksNRec : LHP Pedro Pérez
Batting: LHB Enrique Vásquez 0-0: Called Strike
0-1: Reached on error, E4 (Groundball, 4)
Batting: RHB Chad Shafer 0-0: Foul Ball, location: 2F
0-1: Ball
1-1: Called Strike
1-2: Ball
2-2: Ball
3-2: Base on Balls
Enrique Vásquez to second
Batting: LHB Armando Carmona 0-0: Ball
1-0: Ball
2-0: Ball
3-0: Called Strike
3-1: Swinging Strike
3-2: Foul Ball, location: 2F
3-2: Base on Balls
Enrique Vásquez to third
Chad Shafer to second
Batting: SHB Domingo Luna 0-0: Foul Ball, location: 2F
0-1: Ball
1-1: Foul Ball, location: 2F
1-2: Ball
2-2: Foul Ball, location: 2F
2-2: Ball
3-2: Base on Balls
Enrique Vásquez scores
Chad Shafer to third
Armando Carmona to second
Batting: SHB Albert Sánchez 0-0: Called Strike
0-1: Swinging Strike
0-2: Grounds into double play, 6-4-3 (Groundball, 6)
Chad Shafer scores
Armando Carmona to third
Batting: RHB Vicente Rodríguez 0-0: Swinging Strike
0-1: Foul Ball, location: 2F
0-2: Ball
1-2: Fly out, F7 (Flyball, 7LM)
Bottom of the 4th over - 2 run(s), 0 hit(s), 1 error(s), 1 left on base; Pawnee 0 - Sunset District 5
TOP OF THE 5TH
Pawnee ParksNRec batting - Pitching for Sunset District Fog : RHP Dave Stephenson
Batting: SHB Vicente Pueblo 0-0: Called Strike
0-1: Ball
1-1: DOUBLE (Line Drive, 7LD)
Batting: SHB Enrique Costello 0-0: Ball
1-0: Foul Ball, location: 2F
1-1: SINGLE (Line Drive, 4MD)
Vicente Pueblo to third
Batting: RHB Dale Blair 0-0: Grounds into double play, 6-4-3 (Groundball, 6)
Vicente Pueblo scores
Batting: RHB Iván Rodríguez 0-0: Ball
1-0: Called Strike
1-1: Ball
2-1: Called Strike
2-2: Foul Ball, location: 2F
2-2: SINGLE (Groundball, 4D)
Batting: LHB Felipe Trujillo 0-0: Ball
1-0: Fly out, F7 (Flyball, 7LM)
Top of the 5th over - 1 run(s), 3 hit(s), 0 error(s), 1 left on base; Pawnee 1 - Sunset District 5
BOTTOM OF THE 5TH
Sunset District Fog batting - Pitching for Pawnee ParksNRec : LHP Pedro Pérez
Batting: RHB Alfonso Nazario 0-0: Called Strike
0-1: SINGLE (Line Drive, 7S)
Batting: LHB David Holbrook 0-0: Ball
1-0: Ball
2-0: Foul Ball, location: 2F
2-1: Grounds into double play, 4-6-3 (Groundball, 34)
Batting: RHB Armando Rodríguez 0-0: Called Strike
0-1: Swinging Strike
0-2: Ground out 6-3 (Groundball, 6)
Bottom of the 5th over - 0 run(s), 1 hit(s), 0 error(s), 0 left on base; Pawnee 1 - Sunset District 5
TOP OF THE 6TH
Pawnee ParksNRec batting - Pitching for Sunset District Fog : RHP Dave Stephenson
Batting: SHB Júlio Camacho 0-0: Called Strike
0-1: Swinging Strike
0-2: Ground out 4-3 (Groundball, 34)
Batting: LHB Ernesto Sánchez 0-0: Fly out, F7 (Flyball, 7LM)
Batting: LHB Tom Benjamin 0-0: Ball
1-0: Swinging Strike
1-1: Fly out, F8 (Flyball, 8LS)
Top of the 6th over - 0 run(s), 0 hit(s), 0 error(s), 0 left on base; Pawnee 1 - Sunset District 5
BOTTOM OF THE 6TH
Sunset District Fog batting - Pitching for Pawnee ParksNRec : LHP Pedro Pérez
Batting: LHB Enrique Vásquez 0-0: Ball
1-0: Swinging Strike
1-1: Ball
2-1: Ball
3-1: Called Strike
3-2: Strikes out swinging
Batting: RHB Chad Shafer 0-0: Foul Ball, location: 2F
0-1: Ball
1-1: Ball
2-1: Ball
3-1: Base on Balls
Batting: LHB Armando Carmona 0-0: Ball
1-0: Ball
2-0: Ball
3-0: Called Strike
3-1: Base on Balls
Chad Shafer to second
Batting: SHB Domingo Luna 0-0: Reached on error, E4 (Groundball, 4M)
Chad Shafer to third
Armando Carmona to second
Batting: SHB Albert Sánchez 0-0: Called Strike
0-1: Ball
1-1: DOUBLE (Line Drive, 7D)
Chad Shafer scores
Armando Carmona scores
Domingo Luna to third
Runner from 3rd tries for Home, throw and OUT!
Pitching: RHP Ronaldo Matos
Batting: RHB Vicente Rodríguez 0-0: Foul Ball, location: 2F
0-1: DOUBLE (Line Drive, 7LS)
Albert Sánchez scores
Batting: RHB Alfonso Nazario 0-0: SINGLE (Groundball, 56D)
Vicente Rodríguez to third
Runner from 3rd tries for Home, SAFE, no throw
Batting: LHB David Holbrook 0-0: Called Strike
0-1: Hit by Pitch
Alfonso Nazario to second
Batting: RHB Armando Rodríguez 0-0: Hit by Pitch
Alfonso Nazario to third
David Holbrook to second
Batting: LHB Enrique Vásquez 0-0: Foul Ball, location: 2F
0-1: Foul Ball, location: 2F
0-2: Ball
1-2: Ball
2-2: Fielders Choice at 2nd, 6-4 (Groundball, 6)
Bottom of the 6th over - 4 run(s), 3 hit(s), 1 error(s), 2 left on base; Pawnee 1 - Sunset District 9
TOP OF THE 7TH
Pawnee ParksNRec batting - Pitching for Sunset District Fog : RHP Dave Stephenson
Batting: RHB Daryl Moran 0-0: Ball
1-0: Ball
2-0: Fly out, F5 (Line Drive, 56S)
Batting: SHB Vicente Pueblo 0-0: Ball
1-0: Ball
2-0: Swinging Strike
2-1: Ball
3-1: Ground out 3-1 (Groundball, 34S)
Batting: SHB Enrique Costello 0-0: Ball
1-0: Foul Ball, location: 2F
1-1: Foul Ball, location: 2F
1-2: Fly out, F2 (Popup, 23)
Top of the 7th over - 0 run(s), 0 hit(s), 0 error(s), 0 left on base; Pawnee 1 - Sunset District 9
BOTTOM OF THE 7TH
Sunset District Fog batting - Pitching for Pawnee ParksNRec : RHP Ronaldo Matos
Batting: RHB Chad Shafer 0-0: Ball
1-0: Foul Ball, location: 2F
1-1: Foul Ball, location: 2F
1-2: Ball
2-2: Fly out, F4 (Flyball, 4MD)
Batting: LHB Armando Carmona 0-0: Ball
1-0: Ball
2-0: Ball
3-0: Base on Balls
Batting: SHB Domingo Luna 0-0: Grounds into double play, 6-4-3 (Groundball, 6)
Bottom of the 7th over - 0 run(s), 0 hit(s), 0 error(s), 0 left on base; Pawnee 1 - Sunset District 9
TOP OF THE 8TH
Pawnee ParksNRec batting - Pitching for Sunset District Fog : RHP Dave Stephenson
Batting: RHB Dale Blair 0-0: Ball
1-0: Ball
2-0: Called Strike
2-1: SINGLE (Line Drive, 4S)
Pitching: LHP Billy Mays
Batting: RHB Iván Rodríguez 0-0: Called Strike
0-1: Ball
1-1: Called Strike
1-2: Strikes out looking
Batting: LHB Felipe Trujillo 0-0: Fielders Choice at 2nd, 3-6 (Groundball, 34)
Batting: SHB Júlio Camacho 0-0: Swinging Strike
0-1: Fielders Choice at 2nd, 4-6 (Groundball, 4)
Top of the 8th over - 0 run(s), 1 hit(s), 0 error(s), 0 left on base; Pawnee 1 - Sunset District 9
BOTTOM OF THE 8TH
Sunset District Fog batting - Pitching for Pawnee ParksNRec : RHP Ronaldo Matos
Batting: SHB Albert Sánchez 0-0: Ground out 4-3 (Groundball, 34)
Batting: RHB Vicente Rodríguez 0-0: Ball
1-0: Ball
2-0: Called Strike
2-1: SINGLE (Groundball, 56D)
Batting: RHB Alfonso Nazario 0-0: Called Strike
Vicente Rodríguez steals 2nd base
0-1: Called Strike
0-2: Ball
1-2: Strikes out swinging
Batting: LHB David Holbrook 0-0: Called Strike
0-1: Ball
1-1: Ball
2-1: Foul Ball, location: 2F
2-2: Ball
3-2: Fly out, F7 (Line Drive, 78M)
Bottom of the 8th over - 0 run(s), 1 hit(s), 0 error(s), 1 left on base; Pawnee 1 - Sunset District 9
TOP OF THE 9TH
Pawnee ParksNRec batting - Pitching for Sunset District Fog : LHP Billy Mays
Batting: LHB Ernesto Sánchez 0-0: Ball
1-0: Foul Ball, location: 2F
1-1: Ball
2-1: Swinging Strike
2-2: Foul Ball, location: 2F
2-2: Foul Ball, location: 2F
2-2: Ball
3-2: Foul Ball, location: 2F
3-2: SINGLE (Flyball, 8RS)
Batting: LHB Tom Benjamin 0-0: Foul Ball, location: 2F
0-1: Ball
1-1: Called Strike
1-2: Strikes out swinging
Batting: RHB Daryl Moran 0-0: Ball
1-0: Foul Ball, location: 2F
1-1: Foul Ball, location: 2F
1-2: DOUBLE (Flyball, 9LM)
Ernesto Sánchez to third
Pinch Hitting: RHB Rubén Alvarado 0-0: Called Strike
0-1: Ball
1-1: Ball
2-1: Ground out 6-3 (Groundball, 6)
Ernesto Sánchez scores
Batting: SHB Enrique Costello 0-0: Ball
1-0: Ball
2-0: Called Strike
2-1: Swinging Strike
2-2: Strikes out looking
Top of the 9th over - 1 run(s), 2 hit(s), 0 error(s), 1 left on base; Pawnee 2 - Sunset District 9
Wednesday, August 23rd, 2017 - OOTP Baseball 17.12 Build 75